 Dungeon Crawl Stone Soup version 0.29.1-1-gd02db6906a (webtiles) character file.

Game seed: 4043715932878503060

1865 MisterFreud the Nimble (level 8, -1/63 HPs)
             Began as a Felid Berserker on Sept 19, 2022.
             Was a Believer of Trog.
             Slain by a kobold brigand
             ... wielding a +0 dagger
              (5 damage)
             ... on level 6 of the Dungeon.
             The game lasted 00:08:41 (6141 turns).

MisterFreud the Nimble (Felid Berserker)            Turns: 6141, Time: 00:08:42

Health: -1/63      AC:  2    Str: 13    XL:     8   Next: 90%
Magic:  9/9        EV: 27    Int:  8    God:    Trog [**....]
Gold:   302        SH:  0    Dex: 24    Spells: 7/7 levels left
                                        Lives:  0   Deaths: 2

rFire   . . .      SeeInvis +     - Unarmed
rCold   . . .      Faith    .   (shield unavailable)
rNeg    . . .      Spirit   .   (body armour unavailable)
rPois   .          Reflect  .   (helmet unavailable)
rElec   .          Harm     .   (cloak unavailable)
rCorr   +          Rampage  .   (gloves unavailable)
Will    +++..                   (boots unavailable)
Stlth   ..........              (no amulet)
HPRegen 1.20/turn               l - +6 ring of dexterity
MPRegen 0.11/turn               m - ring of resist corrosion

@: berserking, strong-willed, regenerating, slowed, quick
A: very small, claws 1, fangs 3, see invisible, speed 1, shaggy fur 2, stealthy
paws, no weapons or thrown items, no armour, multi-lived
a: Renounce Religion, Berserk, Trog's Hand


You were on level 6 of the Dungeon.
You worshipped Trog.
Trog was pleased with you.
You visited 1 branch of the dungeon, and saw 6 of its levels.

You collected 512 gold pieces.
You spent 210 gold pieces at shops.

Inventory:

Jewellery
 l - a +6 ring of dexterity (left paw)
 m - a ring of resist corrosion (right paw)
 n - a ring of willpower
 o - the ring of Jaishrocs {Ice rElec Str+6 Int-3}
   (You found it on level 2 of the Dungeon)

   [ring of ice]

   It enhances your ice magic.
   Str:       It affects your strength (+6).
   Int:       It affects your intelligence (-3).
   rF:        It makes you vulnerable to fire.
   rC:        It protects you from cold.
   rElec:     It insulates you from electricity.
 t - a +6 ring of dexterity
Wands
 i - a wand of iceblast (7)
Scrolls
 a - 3 scrolls of identify
 f - 5 scrolls of teleportation
 j - a scroll of fear
 v - a scroll of magic mapping
Potions
 b - a potion of resistance {unknown}
 c - 3 potions of might
 d - 3 potions of curing
 e - 2 potions of flight
 g - 3 potions of haste {unknown}
 h - a potion of mutation {unknown}
 k - a potion of brilliance {unknown}
 q - 2 potions of cancellation
 r - 2 potions of berserk rage {unknown}
 s - a potion of invisibility {unknown}
 u - a potion of ambrosia {unknown}


   Skills:
 + Level 8.9 Fighting
 - Level 10.0 Dodging
 - Level 6.0 Stealth
 - Level 6.0 Unarmed Combat


You had 7 spell levels left.
You didn't know any spells.
Your spell library was empty.

Dungeon Overview and Level Annotations

Branches:
Dungeon (6/15)
 Temple: D:4-7

Altars:
Hepliaklqana
Vehumet

Shops:
D:2 [*!!(   D:6 [

Annotations:
D:4 exclusion: statue


Innate Abilities, Weirdness & Mutations

You have sharp claws.
You have razor-sharp teeth.
You have supernaturally acute eyesight. (SInv)
You cover ground quickly. (Speed+)
You are covered in thick fur. (AC +2)
Your paws help you pounce on unaware monsters.
You are incapable of wielding weapons or throwing items.
You cannot wear armour.
You gain extra lives every three experience levels.


Message History

Trog accepts your kill.
You recover from your berserk rage.
The kobold brigand misses you.
You scratch the kobold brigand. You bite the kobold brigand.
The kobold brigand is moderately wounded.
The kobold brigand closely misses you.
You claw the kobold brigand!
The kobold brigand is heavily wounded.
The kobold brigand closely misses you.
You claw the kobold brigand!
The kobold brigand is almost dead.
You feel the effects of Trog's Hand fading.
The kobold brigand closely misses you.
You claw the kobold brigand!
You kill the kobold brigand!
Trog accepts your kill.
The kobold brigand throws a poisoned dart.
The poisoned dart completely misses you.
The kobold brigand completely misses you.
You scratch the kobold brigand.
The kobold brigand is lightly wounded.
The kobold brigand misses you.
You claw the kobold brigand!
The kobold brigand is heavily wounded.
The kobold brigand misses you.
You claw the kobold brigand!
You bite the kobold brigand, but do no damage.
The kobold brigand is severely wounded.
Your skin stops crawling.
You feel less strong-willed. The kobold brigand closely misses you.
The kobold brigand zaps a wand.
Your mind is blasted!
* * * LOW HITPOINT WARNING * * *
Your skin crawls.
You feel strong-willed.
The kobold brigand hits you with a +0 dagger!
* * * LOW HITPOINT WARNING * * *
A red film seems to cover your vision as you go berserk!
You feel yourself moving faster!
You feel mighty!
The kobold brigand hits you with a +0 dagger.
You die...

#...# #...........# ### #....
'...## #...........# #....
#..#.###...........#### #....
####..##..........##?!.## ##...
##.##.........##.....## #...
#..#.........#..#.#..# #..[ #
##.#.........#8.#.#.8# ##..# ##
#...........#..#.#..# #...#
.#####..........@##K....#####..##
...##..##########K##'''##.##...##
....#.## ###KK.......##.....
......# ###)ยง.......###.(....
.....## ##.........#...#......
....## ##..........###........
...## #...........# ##.......
...# ##..........# ##...... ..##
###........# #.#....


You could see 3 kobold brigands.

Vanquished Creatures
  The ghost of EvilAshe the Carver, a novice HuFi of the Shining One (D:6)
  A kobold demonologist (D:6)
  Sigmund (D:4)
  A steam dragon (D:6)
  A water moccasin (D:5)
  An ice beast (D:6)
  An orc warrior (D:6)
  2 ogres
  A phantom (D:6)
  5 kobold brigands (D:6)
  2 scorpions
  3 wights (D:6)
  2 howler monkeys
  A gnoll bouda (D:6)
  An orc priest (D:4)
  3 iguanas
  2 orc wizards
  8 gnolls
  6 adders
  4 shadow imps
  A white imp (D:6)
  3 worms
  3 dart slugs
  13 orcs
  4 ball pythons
  3 endoplasms
  4 giant cockroaches
  6 goblins
  6 hobgoblins
  5 jackals
  9 kobolds
  3 quokkas
  4 bats
  A frilled lizard (D:2)
  3 rats
115 creatures vanquished.

Vanquished Creatures (others)
  2 fungi (D:6)
  A plant (D:6)
3 creatures vanquished.

Grand Total: 118 creatures vanquished

Notes
Turn   | Place    | Note
-------+----------+-------------------------------------------
     0 | D:1      | MisterFreud the Felid Berserker began the quest for the
                  | Orb.
     0 | D:1      | Reached XP level 1. HP: 10/10 MP: 2/2
    47 | D:1      | Reached skill level 1 in Stealth
   134 | D:1      | You fall into a shaft and drop 1 floor!
   170 | D:2      | Reached XP level 2. HP: 14/14 MP: 3/3
   194 | D:2      | Found Moepyidi's Distillery.
   197 | D:2      | Bought a potion of curing for 36 gold pieces
   411 | D:2      | Found Kelene's Armour Shop.
   431 | D:2      | Reached XP level 3. HP: 17/17 MP: 4/4
   570 | D:2      | Found Voosuppo's Distillery.
  1321 | D:2      | Found Denievuk's Weapon Boutique.
  1385 | D:2      | Reached XP level 4. HP: 19/21 MP: 5/5
  1389 | D:2      | Reached ** piety under Trog
  1612 | D:2      | Found Rasaide's Assorted Antiques.
  1618 | D:2      | Identified the ring of Jaishrocs {Ice rElec Str+6 Int-3}
  1624 | D:2      | Bought 2 potions of heal wounds for 120 gold pieces
  1644 | D:2      | Bought 2 black potions for 54 gold pieces
  3000 | D:4      | Noticed a scorpion
  3010 | D:4      | Killed a scorpion
  3011 | D:4      | Reached XP level 5. HP: 24/24 MP: 6/6
  3054 | D:4      | Noticed an ogre
  3055 | D:4      | Reached skill level 5 in Stealth
  3079 | D:4      | Killed an ogre
  3080 | D:4      | Reached skill level 5 in Unarmed Combat
  3080 | D:4      | Gained mutation: You are covered in thick fur. (AC +2)
                  | [Felid growth]
  3080 | D:4      | Reached XP level 6. HP: 28/28 MP: 7/7
  3163 | D:4      | Found a hazy altar of Hepliaklqana.
  3174 | D:4      | Noticed Sigmund
  3176 | D:4      | Killed Sigmund
  3420 | D:4      | Found a radiant altar of Vehumet.
  3607 | D:5      | Entered Level 5 of the Dungeon
  3610 | D:5      | Reached skill level 5 in Dodging
  3703 | D:5      | Reached skill level 6 in Dodging
  3703 | D:5      | Reached XP level 7. HP: 14/31 MP: 8/8
  3708 | D:5      | Slain by an iguana
  3709 | D:5      | Reached XP level 6. HP: 0/42 MP: 7/7
  3716 | D:5      | Noticed a water moccasin
  3729 | D:5      | Killed a water moccasin
  3730 | D:5      | Reached skill level 7 in Dodging
  4303 | D:5      | Reached skill level 8 in Dodging
  4303 | D:5      | Reached XP level 7. HP: 27/31 MP: 8/8
  4464 | D:6      | Reached skill level 9 in Dodging
  4473 | D:6      | Found Ulee's Antique Armour Shop.
  4482 | D:6      | Reached *** piety under Trog
  4689 | D:6      | Noticed a steam dragon
  4729 | D:6      | Killed a steam dragon
  4730 | D:6      | Reached skill level 10 in Dodging
  4740 | D:6      | Mangled by a wight
  4741 | D:6      | Reached XP level 6. HP: -5/27 MP: 7/7
  4749 | D:6      | Noticed an orc warrior
  4766 | D:6      | Killed an orc warrior
  4767 | D:6      | Reached XP level 7. HP: 33/33 MP: 8/8
  5234 | D:6      | Found a runed translucent gate.
  5235 | D:6      | Found a runed translucent gate.
  5236 | D:6      | Found a runed translucent gate.
  5238 | D:6      | Noticed a kobold demonologist
  5239 | D:6      | Noticed EvilAshe's ghost (novice HuFi)
  5252 | D:6      | Reached skill level 5 in Fighting
  6088 | D:6      | Noticed a red devil
  6097 | D:6      | Killed EvilAshe's ghost
  6098 | D:6      | Reached XP level 8. HP: 40/40 MP: 9/9
  6107 | D:6      | Killed a kobold demonologist
  6140 | D:6      | HP: 1/42 [kobold brigand/+0 dagger (7)]
  6141 | D:6      | Slain by a kobold brigand

Illustrated notes

Levels and vault maps discovered:
D:1:      nicolae_arrival_memento_mori, layout_basic
D:2:      layout_basic, serial_shops, nicolae_shop_crystal,
          nicolae_shop_hallway_plus, nicolae_shop_behind_doors,
          nicolae_shop_behind_doors, nicolae_shop_waterfront,
          minmay_misc_feat_encased, minmay_joined_circles
D:3:      layout_loops_ring, serial_bayou_pond_c, dk_noncrumbling_4
D:4:      layout_gridville, vehumet_statue, mainiacjoe_overflow_catwalk,
          uniq_sigmund
D:5:      layout_loops_ring
D:6:      layout_cave_pods, gammafunk_ghost_nasty_kobolds, serial_shops,
          nicolae_shop_overgrown_old_shop, sigmund_army

Skill      XL: |  1  2  3  4  5  6  7  8 |
---------------+-------------------------+-----
Stealth        | 2 3 4 5 6 |  6.0
Unarmed Combat | 4 5 6 |  6.0
Dodging        | 8 10 | 10.0
Fighting       | 4 7 8 |  8.9

Action                   |  1- 3 |  4- 6 |  7- 9 || total
-------------------------+-------+-------+-------++-------
Melee: Unarmed           |    88 |   131 |   124 ||   343
       Bite              |     8 |    15 |    12 ||    35
       Punch             |     1 |     2 |     4 ||     7
Invok: Berserk           |     2 |     5 |     6 ||    13
       Trog's Hand       |       |     1 |     5 ||     6
  Use: Scroll            |       |    14 |     2 ||    16
       Potion            |       |       |     3 ||     3
 Stab: Sleeping          |     4 |    11 |     7 ||    22
       Distracted        |       |     1 |       ||     1
Armor: Skin              |     6 |     4 |     2 ||    12
Dodge: Dodged            |    65 |    75 |   121 ||   261
